 Dungeon Crawl Stone Soup version 0.25-a0-705-ge9988fc0fb (webtiles) character file.

Game seed: 9490105420823989632, levelgen mode: deterministic

477 Anathary the Slasher (level 7, -8/41 HPs)
             Began as a Gargoyle Fighter on Apr 4, 2020.
             Killed by divine providence
             ... invoked by an orc priest
              (16 damage)
             ... on level 4 of the Dungeon.
             The game lasted 00:09:04 (3506 turns).

Anathary the Slasher (Gargoyle Fighter)             Turns: 3506, Time: 00:09:06

Health: -8/41      AC: 11    Str: 22    XL:     7   Next: 11%
Magic:  7/7        EV:  9    Int:  8    God:
Gold:   136        SH:  9    Dex:  9    Spells: 6/6 levels left

rFire    . . .     SeeInvis +   a - +0 long sword
rCold    . . .     Gourm    +   c - +0 kite shield
rNeg     + . .     Faith    .   v - +0 ring mail (curse)
rPois    ∞         Spirit   .   (no helmet)
rElec    +         Reflect  .   (no cloak)
rCorr    .         Harm     .   (no gloves)
MR       .....                  p - +0 pair of boots
Stlth    +.........             k - amulet of the gourmand
HPRegen  0.13/turn              i - ring of flight (curse)
MPRegen  0.10/turn              m - ring of see invisible (curse)

@: no status effects
A: negative energy resistance 1, electricity resistance, unbreathing,
petrification resistance, rot immunity, AC +4
a: Evoke Flight


You were on level 4 of the Dungeon.
You were not hungry.

You visited 1 branch of the dungeon, and saw 4 of its levels.

You collected 136 gold pieces.

Inventory:

Hand Weapons
 a - a +0 long sword (weapon)
Armour
 b - a +0 scale mail
 c - a +0 kite shield (worn)
 p - a +0 pair of boots (worn)
 v - a cursed +0 ring mail (worn)
Jewellery
 i - a cursed ring of flight (left hand)
 k - an amulet of the gourmand (around neck)
 m - a cursed ring of see invisible (right hand)
 s - an uncursed ring of protection from cold {unknown}
Scrolls
 g - 2 scrolls of remove curse {unknown}
 h - 5 scrolls of identify {unknown}
 q - 3 scrolls of amnesia {unknown}
 r - a scroll of teleportation {unknown}
 w - a scroll of magic mapping {unknown}
Potions
 d - a potion of might
 e - a potion of magic {unknown}
 j - a potion of berserk rage {unknown}
 l - 2 potions of degeneration {unknown}
 n - 2 potions of brilliance {unknown}
 o - 2 potions of curing {unknown}
 t - a potion of flight {unknown}
 u - a potion of lignification {unknown}
 x - a potion of heal wounds {unknown}
Comestibles
 f - 6 rations


   Skills:
 - Level 3.2 Fighting
 + Level 6.1 Long Blades
 + Level 3.6 Armour
 - Level 2.0 Dodging
 - Level 0.7 Stealth
 - Level 3.2 Shields


You had 6 spell levels left.
You didn't know any spells.
Your spell library was empty.

Dungeon Overview and Level Annotations

Branches:
Dungeon (4/15)
 Temple: D:4-7

Altars:

Shops:
D:4 !


Innate Abilities, Weirdness & Mutations

You are resistant to torment.
Your stone body is resilient. (AC +4)
You are immune to poison.
You resist negative energy. (rN+)
You are resistant to electric shocks. (rElec)
You can survive without breathing.
You are immune to petrification.
You are immune to rotting.


Message History

Beogh smites you!
* * * LOW HITPOINT WARNING * * *
The worker ant closely misses you. You block the orc's attack.
The orc wizard hits you but does no damage.
You completely miss the orc wizard.
The orc wizard is heavily wounded.
The worker ant bites you but does no damage.
The orc hits you but does no damage.
The orc wizard gestures at you while chanting.
The magic dart hits you but does no damage.
The worker ant closely misses you.
You riposte.
You barely miss the worker ant.
The worker ant is lightly wounded.
The orc priest hits you but does no damage.
You barely miss the orc priest.
The worker ant bites you but does no damage.
The orc wizard hits you but does no damage.
You block the orc's attack.
The orc priest calls down the wrath of Beogh upon you.
Beogh smites you!
You die...

.. .. #################.
#..
................#.####..
..........).....#.......
................#.......
................#.......
.......o........#.......
......ooo.......#.......
......a@........#...##..
##########.....##...##'#
#.....#........
#.....÷÷.......
#.....#........
###...>.###'###..
#.##'##......####
#.....#......'...
#.....#......#...


You could see a worker ant, an orc priest, an orc wizard and 2 orcs.

Vanquished Creatures
  Menkaure (D:4)
  A bullfrog (D:3)
  2 scorpions
  A crimson imp (D:4)
  A bullfrog zombie (D:3)
  An iguana (D:4)
  A howler monkey skeleton (D:4)
  3 adders
  An adder skeleton (D:4)
  A worm (D:2)
  A dart slug (D:3)
  4 leopard geckos
  An orc (D:3)
  7 bats
  4 giant cockroaches
  6 hobgoblins
  3 jackals (D:4)
  2 quokkas (D:2)
  A ball python (D:4)
  2 frilled lizards
  2 goblins
  6 kobolds
  5 rats
57 creatures vanquished.

Notes
Turn   | Place    | Note
-------+----------+-------------------------------------------
     0 | D:1      | Anathary the Gargoyle Fighter began the quest for the Orb.
     0 | D:1      | Reached XP level 1. HP: 14/14 MP: 1/1
    82 | D:1      | Reached skill level 2 in Long Blades
   289 | D:1      | Reached XP level 2. HP: 14/19 MP: 2/2
  1024 | D:2      | Reached XP level 3. HP: 23/23 MP: 3/3
  1472 | D:2      | Reached skill level 3 in Long Blades
  1472 | D:2      | Reached skill level 1 in Dodging
  2366 | D:3      | Reached XP level 4. HP: 27/28 MP: 4/4
  2504 | D:3      | Noticed a bullfrog
  2515 | D:3      | Reached skill level 4 in Long Blades
  2515 | D:3      | Reached XP level 5. HP: 26/32 MP: 5/5
  2958 | D:4      | Reached XP level 6. HP: 37/37 MP: 6/6
  2973 | D:4      | Found Akorch's Distillery.
  2979 | D:4      | Reached skill level 5 in Long Blades
  2985 | D:4      | Noticed Menkaure
  2990 | D:4      | Killed Menkaure
  3127 | D:4      | Reached XP level 7. HP: 33/41 MP: 7/7
  3464 | D:4      | Reached skill level 6 in Long Blades
  3506 | D:4      | Killed from afar by an orc priest

Levels and vault maps discovered:
D:1:      doesnt_arrival_eight_statues, layout_basic, serial_forest,
          infiniplex_forest_clump_diagonal, infiniplex_forest_clump_small,
          infiniplex_forest_clump_double, infiniplex_forest_straight_3,
          infiniplex_forest_zigzag_1, infiniplex_forest_lined_room_2,
          infiniplex_forest_lined_room_, minmay_misc_feat_pillars
D:2:      layout_basic
D:3:      layout_loops_ring, first_ration
D:4:      layout_gridville, serial_shops, shop, uniq_menkaure

Skill      XL: |  1  2  3  4  5  6  7 |
---------------+----------------------+-----
Long Blades    | 2 3 4 5 6 |  6.1
Dodging        | 1 2 |  2.0
Fighting       | |  3.2
Armour         | |  3.6
Stealth        | |  0.7
Shields        | |  3.2

Action                   |  1- 3 |  4- 6 |  7- 9 || total
-------------------------+-------+-------+-------++-------
Melee: Long sword        |   140 |    75 |    92 ||   307
  Eat: Chunk             |     2 |     1 |       ||     3
       Ration            |     1 |     1 |       ||     2
Armor: Scale mail        |    96 |    17 |       ||   113
       Ring mail         |       |     7 |    56 ||    63
Dodge: Dodged            |    60 |    31 |    34 ||   125
Block: Kite shield       |    92 |    27 |    46 ||   165
       Rpst.: Long sword |    19 |    12 |    10 ||    41

Table legend:
 A = Non-vault XP
 B = Vault XP
 C = Vault XP percentage of total XP
 D = Non-vault monster count
 E = Vault monster count
 F = Vault count percentage of total count
                 A         B        C        D         E       F
            +---------+---------+-------+---------+---------+-------
      Total |     517 |     165 |  24.2 |      56 |       1 |   1.8
            +---------+---------+-------+---------+---------+-------
        D:1 |      27 |       0 |   0.0 |      17 |       0 |   0.0
        D:2 |      31 |       0 |   0.0 |      10 |       0 |   0.0
        D:3 |     240 |       0 |   0.0 |      16 |       0 |   0.0
        D:4 |     219 |     165 |  43.0 |      13 |       1 |   7.1
            +---------+---------+-------+---------+---------+-------
